 Dungeon Crawl Stone Soup version 0.26-a0-110-g95b6527cb0 (webtiles) character file.

Game seed: 2499327597849542243

11438 drasked the Severer (level 11, 0/136 HPs)
             Began as a Minotaur Berserker on June 23, 2020.
             Was a High Priest of Trog.
             Killed from afar by a hell hound (11 damage)
             ... with a blast of flame
             ... led by Azrael
             ... on level 12 of the Dungeon.
             The game lasted 00:31:01 (12258 turns).

drasked the Severer (Minotaur Berserker)           Turns: 12258, Time: 00:31:02

Health: 0/136      AC: 19    Str: 25    XL:     11   Next: 49%
Magic:  10/10      EV:  7    Int:  4    God:    Trog [*****.]
Gold:   656        SH: 12    Dex: 10    Spells: 10/10 levels left

rFire    . . .     SeeInvis +   k - +8 broad axe (vorpal)
rCold    + . .     Faith    .   a - +0 kite shield
rNeg     . . .     Spirit   .   J - +0 plate armour
rPois    .         Reflect  .   (helmet restricted)
rElec    .         Harm     .   b - +0 cloak
rCorr    .                      r - +0 pair of gloves
MR       .....                  z - +0 pair of boots
Stlth    ..........             (no amulet)
HPRegen  0.32/turn              I - ring of protection from cold {rC+, !d}
MPRegen  0.12/turn              S - ring of see invisible {sInv, !d}

@: berserking, liquid flames, glowing, very quick
A: retaliatory headbutt, horns 2
a: Berserk, Trog's Hand, Brothers in Arms, Renounce Religion


You were on level 12 of the Dungeon.
You worshipped Trog.
Trog was extremely pleased with you.
You were very hungry.

You visited 1 branch of the dungeon, and saw 12 of its levels.
You also visited: Sewer.

You collected 656 gold pieces.

Inventory:

Hand Weapons
 k - a +8 vorpal broad axe (weapon)
   (Trog gifted it to you on level 7 of the Dungeon)
Missiles
 m - 63 poisoned darts (quivered)
 A - 11 curare-tipped darts
 D - 6 javelins
Armour
 a - a +0 kite shield (worn)
   (You found it on level 4 of the Dungeon)
 b - a +0 cloak (worn)
   (You took it off Maurice on level 8 of the Dungeon)
 r - a +0 pair of gloves (worn)
   (You found it on level 2 of the Dungeon)
 z - a +0 pair of boots (worn)
   (You found it on level 8 of the Dungeon)
 J - a +0 plate armour (worn)
   (You took it off an orc warrior on level 10 of the Dungeon)
Jewellery
 I - a ring of protection from cold (left hand) {rC+, !d}
   (You found it on level 7 of the Dungeon)
 S - a ring of see invisible (right hand) {sInv, !d}
   (You found it on level 2 of the Dungeon)
Wands
 c - a wand of polymorph (6)
   (You took it off Grinder on level 4 of the Dungeon)
 d - a wand of iceblast (5)
   (You took it off Maurice on level 8 of the Dungeon)
 v - a wand of disintegration (14)
   (You found it on level 8 of the Dungeon)
 E - a wand of acid (11)
   (You found it on level 9 of the Dungeon)
Scrolls
 f - a scroll of fog
 i - 2 scrolls of identify
 t - 3 scrolls of teleportation
 w - 3 scrolls of remove curse
 C - a scroll of enchant weapon
 K - a scroll of immolation {!r!r}
Potions
 g - 2 potions of lignification {!q!q}
 h - 4 potions of haste
 j - 4 potions of might
 l - 8 potions of heal wounds
 n - a potion of resistance
 o - a potion of berserk rage {!q!q}
 p - 3 potions of flight
 q - 7 potions of curing
 s - 6 potions of stabbing
 u - a potion of cancellation
 x - a potion of magic
 G - a potion of mutation {!q!q}
 H - a potion of ambrosia
Miscellaneous
 y - a phial of floods
   (You found it on level 11 of the Dungeon)
Comestibles
 e - 26 rations


   Skills:
 - Level 6.9 Fighting
 * Level 15.2 Axes
 - Level 10.8 Armour
 - Level 2.1 Dodging
 + Level 9.4 Shields


You had 10 spell levels left.
You didn't know any spells.
Your spell library was empty.

Dungeon Overview and Level Annotations

Branches:
Dungeon (12/15)            Temple (0/1) D:5            Lair (0/6) D:10
    Orc (0/2) D:12          Sewer (visited)

Altars:
Cheibriados
Dithmenos
Elyvilon
Gozag
Okawaru
Trog
Wu Jian
Zin
The Shining One

Shops:
D:5 %

Annotations:
D:11 2 transporters, SamuraiZach's ghost, journeyman TrBe


Innate Abilities, Weirdness & Mutations

You reflexively headbutt those who attack you in melee.
You have a pair of horns on your head.


Message History

A fire elemental comes into view.
You block the fire elemental's attack.
A fire elemental comes into view.
Azrael says, "We're having tasty Minotaur kabobs tonight!"
Azrael drinks a potion.
Azrael suddenly seems more resistant.
The fire elemental hits you. The fire elemental burns you!
A hell hound comes into view.
The fire elemental moves out of view.
The hell hound barks!
You slice the fire elemental!!
You destroy the fire elemental!
Unknown command.
Azrael hits you but does no damage.
You completely miss Azrael. You block Azrael's attack.
A hell hound comes into view.
The hell hound barks!
You hit Azrael. You headbutt Azrael, but do no damage.
The hell hound breathes flames at you.
The blast of flame hits Azrael.
Azrael completely resists.
The blast of flame hits you!
* * * LOW HITPOINT WARNING * * *
Azrael closely misses you.
You slash Azrael! You barely miss Azrael. You block Azrael's attack.
Your shield and plate armour prevent you from hitting Azrael.
You headbutt Azrael, but do no damage. Azrael hits you but does no damage.
You slash Azrael! You headbutt Azrael. Azrael gestures at you.
The fireball explodes!
The fireball engulfs you!
* * * LOW HITPOINT WARNING * * *
The fireball engulfs Azrael.
Azrael completely resists.
You hear a shout! x2; You hear a howl!
A red film seems to cover your vision as you go berserk!
You feel yourself moving faster!
You feel mighty!
You are feeling very hungry.
The hell hound pauses to sniff the ground.
Azrael gestures at you. The sticky flame hits you!
You are covered in liquid flames!
* * * LOW HITPOINT WARNING * * *
You slash Azrael!
You are covered in liquid flames!
* * * LOW HITPOINT WARNING * * *
You slash Azrael!
You are covered in liquid flames!
* * * LOW HITPOINT WARNING * * *
Azrael hits you but does no damage.
You slice Azrael!! You headbutt Azrael!
You are covered in liquid flames!
* * * LOW HITPOINT WARNING * * *
Azrael gestures at you.
The sticky flame hits you but does no damage.
You are covered in liquid flames!
You slice Azrael!!
You kill Azrael!
Your Axes skill increases to level 15!
You are covered in liquid flames!
* * * LOW HITPOINT WARNING * * *
You are covered in liquid flames!
* * * LOW HITPOINT WARNING * * *
You block the hell hound's attack.
You see here a +3 scimitar of flaming.
You closely miss the hell hound.
You are covered in liquid flames!
* * * LOW HITPOINT WARNING * * *
The hell hound breathes flames at you. The blast of flame hits you!
* * * LOW HITPOINT WARNING * * *
You slice the hell hound!!
You are covered in liquid flames!
* * * LOW HITPOINT WARNING * * *
The hell hound barely misses you. You furiously retaliate!
You headbutt the hell hound!!
You kill the hell hound!
You are covered in liquid flames!
* * * LOW HITPOINT WARNING * * *
You block the fire elemental's attack.
You slice the fire elemental!!
You are covered in liquid flames!
* * * LOW HITPOINT WARNING * * *
You hear a shout!
The fire elemental hits you. The fire elemental burns you!
* * * LOW HITPOINT WARNING * * *
You slash the fire elemental!
You destroy the fire elemental!
You are covered in liquid flames!
* * * LOW HITPOINT WARNING * * *
You slice the fire elemental!! You headbutt the fire elemental!
You are covered in liquid flames!
The fire elemental hits you. The fire elemental burns you!
* * * LOW HITPOINT WARNING * * *
You closely miss the fire elemental.
You are covered in liquid flames!
* * * LOW HITPOINT WARNING * * *
A warg comes into view.
The hell hound breathes flames at you.
The blast of flame hits the fire elemental.
The fire elemental completely resists.
The blast of flame hits you!
You die...

*,* *,***,***,* *,*
*,*******,**...**,***,*
*,,,,,,,,,*,...,,,,,,,*
*,,*,,,*,,**...**,*****
*,,,,,,,,,###.##*,*
*,,,,,,,,,,....#*,*
**,,,,,,,,,,hh☼,,,*
*,*,,,*,***#E#**** *,,,,,,,*
#@# ********* #)# ######.###
******** #........# *,,,,,,,
#.##.....# *,,,,,,, #####
#.##.#.#.# *,,,,,,,
#...#####.##.#.#.#******,,,,,,,
#................h,,,,,,,,,,,,,
#.).#####.##.....##*****,,,,,,,


You could see a fire elemental, a warg (wandering) and 2 hell hounds.

Levels and vault maps discovered:
D:1:      denvon_arrival_planthouse, layout_basic, tso_metal_star
D:2:      layout_rooms, grunt_temple_overflow_cloverleaf, cheibriados_altar_1
D:3:      layout_basic
D:4:      cheibrodos_quashed, layout_basic, uniq_grinder
D:5:      minmay_octagon_keep, layout_gridville, minmay_temple_entry_slanted,
          serial_shops, kennysheep_mini_moat, first_ration, uniq_blork_the_orc
D:6:      layout_loops_ring, grunt_gozag_statues, portal_sewer_entry_b,
          uniq_duvessa, uniq_pikel
D:7:      layout_cave_pods, minmay_gold_behind_fungi, the_bakery
D:8:      layout_basic, okawaru_ov_weapons_minmay, uniq_maurice, uniq_psyche,
          uniq_joseph
D:9:      layout_irregular_city
D:10:     layout_basic, grunt_lair_entry_orc_guard_hut, enter_bailey_3
D:11:     layout_loops_ring, gammafunk_ghost_mausoleum, basic_altar
D:12:     layout_loops_corners, david_orc_3, gauntlet_entry_generic,
          serial_shops, shop, uniq_azrael

Notes
Turn   | Place    | Note
-------+----------+-------------------------------------------
     0 | D:1      | drasked the Minotaur Berserker began the quest for the Orb.
     0 | D:1      | Reached XP level 1. HP: 19/19 MP: 0/0
    30 | D:1      | Identified a +0 club
    92 | D:1      | Identified a +0 club
   124 | D:1      | Identified a +0 short sword
   134 | D:1      | Identified a +0 dagger
   146 | D:1      | Reached skill level 4 in Axes
   183 | D:1      | Reached XP level 2. HP: 27/27 MP: 1/1
   479 | D:1      | Identified a +0 club
   479 | D:1      | Identified a +0 short sword
   548 | D:1      | Reached ** piety under Trog
   548 | D:1      | Reached skill level 4 in Fighting
   632 | D:1      | Identified a +0 club
   672 | D:1      | Identified a cursed +0 club
   886 | D:1      | Identified a +0 club
   924 | D:1      | Found a glowing golden altar of the Shining One.
   966 | D:1      | Reached skill level 3 in Armour
   966 | D:1      | Reached XP level 3. HP: 33/33 MP: 2/2
  1273 | D:2      | Identified a +2 dagger of venom
  1274 | D:2      | Identified a +0 club
  1454 | D:2      | Identified a +0 club
  1507 | D:2      | Found a snail-covered altar of Cheibriados.
  1553 | D:2      | Identified a +0 club
  1990 | D:2      | Identified a +0 club
  1990 | D:2      | Identified a +0 hunting sling
  2241 | D:2      | Found a white marble altar of Elyvilon.
  2244 | D:2      | Found a shadowy altar of Dithmenos.
  2261 | D:2      | Found a bloodstained altar of Trog.
  2309 | D:2      | Found an ornate altar of the Wu Jian Council.
  2321 | D:3      | Identified a +0 short sword
  2330 | D:3      | Identified a +0 pair of gloves (You found it on level 2 of
                  | the Dungeon)
  2374 | D:3      | Reached XP level 4. HP: 40/41 MP: 3/3
  2406 | D:3      | Reached skill level 5 in Axes
  2534 | D:3      | Identified a +0 dagger
  2616 | D:3      | Identified a +0 club
  2682 | D:3      | Identified a +0 club
  2717 | D:3      | Identified a cursed -2 club
  2799 | D:3      | Identified a +0 flail
  2799 | D:3      | Identified a +0 leather armour
  2799 | D:3      | Identified a +0 flail
  2799 | D:3      | Identified a +0 flail
  2903 | D:3      | Identified a +0 club
  2909 | D:3      | Reached *** piety under Trog
  3091 | D:3      | Identified a +0 dagger
  3091 | D:3      | Identified a +0 chain mail
  3092 | D:3      | Identified a +0 club
  3092 | D:3      | Identified a +0 short sword
  3092 | D:3      | Identified a +0 leather armour
  3174 | D:3      | Identified a +0 spear
  3174 | D:3      | Identified a +0 spear
  3174 | D:3      | Identified a cursed +0 halberd
  3179 | D:3      | Reached XP level 5. HP: 47/47 MP: 4/4
  3411 | D:3      | Identified a ring of stealth (You found it on level 2 of
                  | the Dungeon)
  3412 | D:3      | Identified a ring of see invisible (You found it on level 2
                  | of the Dungeon)
  3414 | D:3      | Identified a ring of dexterity (You found it on level 1 of
                  | the Dungeon)
  3416 | D:3      | Identified 4 scrolls of identify
  3416 | D:3      | Identified 2 potions of haste
  3417 | D:3      | Identified 2 scrolls of teleportation
  3418 | D:3      | Identified a scroll of enchant weapon
  3419 | D:3      | Identified a scroll of remove curse
  3464 | D:4      | Reached skill level 4 in Armour
  3545 | D:4      | Reached skill level 5 in Fighting
  3545 | D:4      | Reached skill level 6 in Axes
  3549 | D:4      | Identified a +0 hand axe
  3549 | D:4      | Identified a +0 ring mail
  3553 | D:4      | Identified a +0 leather armour
  3723 | D:4      | Noticed Grinder
  3751 | D:4      | Identified a +1 hand axe
  3753 | D:4      | Killed Grinder
  3753 | D:4      | Reached skill level 7 in Axes
  3753 | D:4      | Reached XP level 6. HP: 56/56 MP: 5/5
  4509 | D:4      | Identified a cursed -2 short sword
  4509 | D:4      | Identified a +0 leather armour
  4542 | D:4      | Identified 3 potions of curing
  4543 | D:4      | Identified 2 potions of stabbing
  4544 | D:4      | Identified 2 potions of heal wounds
  4546 | D:5      | Entered Level 5 of the Dungeon
  4562 | D:5      | meem: I'm meem, an infobot run by MalcolmRoseGaming: Type
                  | !submeem to keep me in your games; !nomeem to shut me up
                  | forever; !meem for help; !whymeem if you want to know why
                  | meem exists. Visit http://youtube.com/malcolmrosegaming for
                  | more DCSS content.
  4569 | D:5      | Reached skill level 5 in Armour
  4569 | D:5      | Reached XP level 7. HP: 61/62 MP: 6/6
  4595 | D:5      | Identified a cursed -3 shortbow
  4712 | D:5      | Found Faleruki's Food Shop.
  4746 | D:5      | Reached skill level 6 in Fighting
  4832 | D:5      | Reached skill level 8 in Axes
  5159 | D:5      | Identified a +0 hand axe
  5159 | D:5      | Identified a +0 robe
  5159 | D:5      | Noticed Blork the orc
  5165 | D:5      | Killed Blork the orc
  5249 | D:5      | Identified a +0 spear
  5453 | D:5      | Reached skill level 6 in Armour
  5453 | D:5      | Reached XP level 8. HP: 69/71 MP: 7/7
  5509 | D:5      | Found a staircase to the Ecumenical Temple.
  5667 | D:5      | Reached skill level 9 in Axes
  5941 | D:5      | Identified a +0 chain mail (You found it on level 5 of the
                  | Dungeon)
  5991 | D:4      | Identified a +0 war axe of venom (You found it on level 4
                  | of the Dungeon)
  6025 | D:4      | Identified a +0 kite shield (You found it on level 4 of the
                  | Dungeon)
  6082 | D:6      | Identified a scroll of blinking
  6083 | D:6      | Identified a scroll of magic mapping
  6108 | D:6      | Identified a +0 whip of freezing
  6108 | D:6      | Identified a +1 robe of magic resistance
  6108 | D:6      | Noticed Pikel
  6115 | D:6      | Identified a +0 dagger
  6115 | D:6      | Identified a +0 robe
  6116 | D:6      | Killed Pikel
  6116 | D:6      | Reached skill level 10 in Axes
  6116 | D:6      | Reached skill level 7 in Armour
  6116 | D:6      | Reached skill level 2 in Shields
  6116 | D:6      | Identified a +0 short sword
  6119 | D:6      | Identified a cursed +0 club
  6119 | D:6      | Identified a +0 dagger
  6119 | D:6      | Identified a +0 robe
  6125 | D:6      | Reached **** piety under Trog
  6125 | D:6      | Reached skill level 3 in Shields
  6133 | D:6      | Identified a +0 hand axe
  6133 | D:6      | Identified a +0 ring mail
  6137 | D:6      | Identified a +0 dagger
  6137 | D:6      | Identified a +0 robe
  6142 | D:6      | Identified a +1 dagger of venom
  6142 | D:6      | Identified a +0 robe
  6144 | D:6      | Identified a +0 ring mail
  6146 | D:6      | Identified a +0 club
  6150 | D:6      | Identified a cursed +0 club
  6170 | D:6      | Found an opulent altar of Gozag.
  6217 | D:6      | Found a glowing drain.
  6255 | Sewer    | Entered a sewer
  6438 | Sewer    | Identified a +0 dagger
  6438 | Sewer    | Identified a +0 short sword of speed
  6438 | Sewer    | Identified a +0 short sword
  6493 | Sewer    | Reached XP level 9. HP: 78/78 MP: 8/8
  6649 | Sewer    | Reached ***** piety under Trog
  6720 | Sewer    | Identified a +0 club
  6720 | Sewer    | Identified a +0 whip
  6720 | Sewer    | Identified a +0 hand crossbow
  6720 | Sewer    | Identified a +0 dagger
  6720 | Sewer    | Identified a +0 short sword
  6720 | Sewer    | Identified a +0 short sword
  6812 | Sewer    | Identified a +0 dagger
  6812 | Sewer    | Identified a +0 club
  6812 | Sewer    | Identified a +0 short sword
  7141 | D:6      | Reached skill level 4 in Shields
  7218 | D:6      | Identified a +2 spear of distortion
  7233 | D:6      | Identified a +0 halberd
  7239 | D:6      | Reached skill level 11 in Axes
  7506 | D:6      | Identified a +0 hand axe
  7509 | D:6      | Identified a +0 dagger
  7509 | D:6      | Identified a +0 robe
  7509 | D:6      | Noticed Dowan
  7510 | D:6      | Identified a +2 short sword of draining
  7510 | D:6      | Identified a +2 leather armour of fire resistance
  7510 | D:6      | Noticed Duvessa
  7517 | D:6      | Killed Duvessa
  7520 | D:6      | Killed Dowan
  7520 | D:6      | Reached skill level 8 in Armour
  7570 | D:6      | Identified a +0 dagger
  7570 | D:6      | Identified a +0 robe
  7718 | D:6      | Identified a scroll of random uselessness
  7719 | D:6      | Identified a scroll of fog
  7720 | D:6      | Identified a scroll of noise
  7721 | D:6      | Identified a scroll of immolation
  7891 | D:7      | Identified a +0 dagger
  7891 | D:7      | Identified a +0 club
  7892 | D:7      | Identified a cursed -2 dagger
  7892 | D:7      | Identified a +0 robe
  8219 | D:7      | Identified a +0 dagger
  8219 | D:7      | Identified a +0 robe
  8219 | D:7      | Identified a +0 dagger
  8219 | D:7      | Identified a +0 robe
  8327 | D:7      | Identified a +0 giant spiked club
  8335 | D:7      | Received a gift from Trog
  8335 | D:7      | Reached skill level 5 in Shields
  8376 | D:7      | Identified a +0 dagger
  8376 | D:7      | Identified a +0 robe
  8915 | D:7      | Identified a ring of protection from cold (You found it on
                  | level 7 of the Dungeon)
  8968 | D:7      | Identified a +6 vorpal broad axe (Trog gifted it to you on
                  | level 7 of the Dungeon)
  8973 | D:7      | Identified 2 scrolls of brand weapon
  8991 | D:8      | Reached skill level 12 in Axes
  9011 | D:8      | Identified a cursed -2 quarterstaff
  9011 | D:8      | Identified a cursed -2 hunting sling
  9011 | D:8      | Identified a +0 ring mail
  9011 | D:8      | Noticed Joseph
  9034 | D:8      | Killed Joseph
  9089 | D:8      | Identified a +0 vampiric dagger
  9089 | D:8      | Identified a +0 cloak
  9089 | D:8      | Noticed Maurice
  9108 | D:8      | Killed Maurice
  9108 | D:8      | Reached skill level 9 in Armour
  9108 | D:8      | Reached skill level 6 in Shields
  9108 | D:8      | Reached XP level 10. HP: 84/84 MP: 9/9
  9117 | D:8      | Found an iron altar of Okawaru.
  9297 | D:8      | Paralysed by a hornet for 2 turns
  9471 | D:8      | Identified a +0 short sword
  9471 | D:8      | Identified a +0 ring mail
  9541 | D:8      | Identified a +0 pair of boots (You found it on level 8 of
                  | the Dungeon)
  9590 | D:8      | Identified a +3 dagger of distortion
  9590 | D:8      | Identified a +0 robe
  9590 | D:8      | Noticed Psyche
  9600 | D:8      | Killed Psyche
  9816 | D:9      | Identified a +0 hand axe
  9824 | D:9      | Identified a +0 dagger
  9824 | D:9      | Identified a +0 robe
  9826 | D:9      | Identified a +0 whip
  9829 | D:9      | Identified a +0 halberd
  9838 | D:9      | Identified a +0 halberd
  9841 | D:9      | Identified a +0 halberd
  9914 | D:9      | Identified a +0 hand axe
  9914 | D:9      | Identified a cursed +0 leather armour
  9914 | D:9      | Identified a +0 spear
  9914 | D:9      | Identified a +0 ring mail
  9914 | D:9      | Identified a +0 buckler
  9914 | D:9      | Identified a +0 spear
  9916 | D:9      | Identified a +0 spear
 10022 | D:9      | Identified a +0 flail
 10022 | D:9      | Identified a +0 flail of protection
 10122 | D:9      | Identified a +0 shortbow
 10202 | D:9      | Reached skill level 13 in Axes
 10250 | D:9      | Identified a +0 giant club
 10554 | D:9      | Identified a scroll of holy word
 10581 | D:10     | Entered Level 10 of the Dungeon
 10587 | D:10     | Identified a +0 flail
 10653 | D:10     | Identified a +0 giant club
 10653 | D:10     | Identified a +0 giant club
 10653 | D:10     | Noticed a two-headed ogre
 10661 | D:10     | Killed a two-headed ogre
 10661 | D:10     | Reached skill level 7 in Shields
 10809 | D:10     | Reached skill level 10 in Armour
 10947 | D:10     | Found a staircase to the Lair.
 10947 | D:10     | Identified a +0 trident
 10947 | D:10     | Identified a +0 plate armour
 11117 | D:10     | Identified a +0 chain mail
 11118 | D:10     | Identified a +0 chain mail
 11119 | D:10     | Identified a +0 morningstar
 11121 | D:10     | Identified a +0 club
 11238 | D:10     | Identified a +0 spear
 11238 | D:10     | Identified a +0 spear
 11239 | D:10     | Identified a cursed +0 spear
 11239 | D:10     | Identified a +0 spear
 11284 | D:10     | Reached skill level 14 in Axes
 11284 | D:10     | Reached skill level 8 in Shields
 11437 | D:10     | Identified a ring of intelligence (You found it on level 10
                  | of the Dungeon)
 11439 | D:10     | Identified a ring of attention (You found it on level 10 of
                  | the Dungeon)
 11446 | D:10     | Identified a scroll of amnesia
 11478 | D:11     | Identified a +0 scimitar
 11478 | D:11     | Noticed a skeletal warrior
 11491 | D:11     | Found a transporter.
 11492 | D:11     | Noticed SamuraiZach's ghost (journeyman TrBe)
 11494 | D:11     | Found a transporter.
 11512 | D:11     | Reached XP level 11. HP: 91/91 MP: 10/10
 11587 | D:11     | Identified an amulet of magic regeneration (You found it on
                  | level 11 of the Dungeon)
 11632 | D:11     | Noticed a cyan ugly thing
 11638 | D:11     | Identified a +0 dagger
 11638 | D:11     | Identified a +0 leather armour
 11642 | D:11     | Killed a cyan ugly thing
 11644 | D:11     | Identified a +0 flail
 11644 | D:11     | Identified a +0 plate armour
 11645 | D:11     | Identified a +0 hand axe
 11651 | D:11     | Identified a +1 dagger of draining
 11651 | D:11     | Identified a +0 robe
 11653 | D:11     | Identified a +0 leather armour
 11686 | D:11     | Found a glowing silver altar of Zin.
 11778 | D:11     | Identified a +0 flail
 11959 | D:11     | Identified a +0 flail
 11959 | D:11     | Identified a +0 scale mail
 11959 | D:11     | Identified a +0 dagger
 11959 | D:11     | Identified a +0 robe
 11959 | D:11     | Identified a +0 hand axe
 11959 | D:11     | Identified a +0 plate armour
 11963 | D:11     | Identified a +0 dagger
 11963 | D:11     | Identified a +0 robe
 11964 | D:11     | Identified a +0 dagger
 11964 | D:11     | Identified a +0 robe
 11991 | D:11     | drasked: !submeem
 11991 | D:11     | meem: Subscribed. I will never ban you, give you up, let
                  | you down, run around, or desert you. I will now watch all
                  | games of user drasked
 12034 | D:11     | Identified 3 potions of flight
 12035 | D:11     | Identified 2 potions of lignification
 12036 | D:11     | Identified a potion of cancellation
 12037 | D:11     | Identified a potion of resistance
 12038 | D:11     | Identified a potion of ambrosia
 12039 | D:11     | Identified a potion of mutation
 12040 | D:11     | Identified a potion of degeneration
 12041 | D:11     | Identified a potion of magic
 12042 | D:11     | Identified a potion of berserk rage
 12162 | D:12     | Identified a +0 club
 12162 | D:12     | Identified a +0 dagger
 12162 | D:12     | Identified a +0 dagger
 12164 | D:12     | Identified a +0 dagger
 12164 | D:12     | Identified a +0 short sword
 12164 | D:12     | Identified a +0 dagger
 12187 | D:12     | Noticed an unseen horror
 12206 | D:12     | Killed an unseen horror
 12206 | D:12     | Reached skill level 9 in Shields
 12233 | D:12     | Identified a +3 scimitar of flaming
 12233 | D:12     | Noticed Azrael
 12250 | D:12     | Killed Azrael
 12250 | D:12     | Reached skill level 15 in Axes
 12252 | D:12     | HP: 31/136 [hell hound/blast of flame[Azrael] (11)]
 12257 | D:12     | HP: 13/136 [fire elemental[Azrael] (5)]
 12258 | D:12     | Killed from afar by a hell hound

Table legend:
 A = Turns spent in this place as a percentage of turns spent in the entire game.
 B = Non-inter-level travel turns spent in this place as a percentage of non-inter-level travel turns spent in the entire game.
 C = Inter-level travel turns spent in this place as a percentage of turns spent in this place.
 D = Turns resting spent in this place as a percentage of non-inter-level travel turns spent in this place.
 E = Turns spent auto-exploring this place as a percentage of non-inter-level travel turns spent in this place.
 F = Non-inter-level travel turns spent in this place divided by the number of levels of this place that you've seen.
                   A       B       C       D       E      F
               +-------+-------+-------+-------+-------+----------------------
         Total | 100.0 | 100.0 |   3.3 |  26.0 |  53.4 | 911.8
       Dungeon |  93.6 |  93.3 |   3.5 |  26.2 |  53.6 | 921.9
         Sewer |   6.4 |   6.7 |   0.0 |  22.9 |  50.3 | 790.0
               +-------+-------+-------+-------+-------+----------------------

Table legend:
 A = Kills in this place as a percentage of kills in entire the game.
 B = Kills by you in this place as a percentage of kills by you in the entire game.
 C = Kills by friends in this place as a percentage of kills by friends in the entire game.
 D = Other kills in this place as a percentage of other kills in the entire game.
 E = Experience gained in this place as a percentage of experience gained in the entire game.
 F = Experience gained in this place divided by the number of levels of this place that you have seen.
                   A       B       C       D       E      F
               +-------+-------+-------+-------+-------+----------------------
         Total | 100.0 | 100.0 |   N/A |   N/A | 100.0 | 1257.0
       Dungeon |  84.7 |  84.7 |   N/A |   N/A |  97.7 | 1329.8
         Sewer |  15.3 |  15.3 |   N/A |   N/A |   2.3 | 383.0
               +-------+-------+-------+-------+-------+----------------------

Skill      XL: |  1  2  3  4  5  6  7  8  9 10 11 |
---------------+----------------------------------+-----
Axes           | 4 5 7 8 10 12 14 15 | 15.2
Fighting       | 4 5 6 |  6.9
Armour         | 3 4 5 6 7 9 10 | 10.8
Shields        | 3 6 8 9 |  9.4
Dodging        | |  2.1

Action                   |  1- 3 |  4- 6 |  7- 9 | 10-12 || total
-------------------------+-------+-------+-------+-------++-------
Melee: Hand axe          |    99 |    95 |    91 |       ||   285
       Headbutt          |     9 |    19 |    46 |    38 ||   112
       Unarmed           |       |    10 |       |       ||    10
       War axe           |       |       |   212 |       ||   212
       Broad axe         |       |       |    17 |   216 ||   233
Throw: Stone             |   130 |    66 |       |       ||   196
       Dart              |       |    38 |   131 |   111 ||   280
Invok: Berserk           |       |     1 |     4 |     2 ||     7
       Trog's Hand       |       |     1 |       |       ||     1
  Use: Scroll            |       |     7 |     9 |    15 ||    31
  Eat: Chunk             |     5 |     8 |    13 |     7 ||    33
       Ration            |       |       |     2 |     1 ||     3
Armor: Animal skin       |     9 |     7 |    11 |       ||    27
       Chain mail        |       |       |    95 |    33 ||   128
       Plate armour      |       |       |       |    47 ||    47
Dodge: Dodged            |    60 |    63 |    92 |    43 ||   258
Block: Kite shield       |       |       |    92 |    87 ||   179

Vanquished Creatures
  Azrael (D:12)
  A two-headed ogre (D:10)
  An unseen horror (D:12)
  Pikel (D:6)
  An ugly thing (D:11)
  Maurice (D:8)
  Joseph (D:8)
  Psyche (D:8)
  A gargoyle (D:11)
  Grinder (D:4)
  A hornet (D:8)
  A hippogriff (D:11)
  A spriggan (D:7)
  A wyvern (D:11)
  8 yaks (D:10)
  2 fire elementals (D:12)
  A hungry ghost (D:11)
  A hell hound (D:12)
  2 porcupines (D:10)
  Duvessa (D:6)
  A slave (D:6)
  2 sky beasts
  An ice beast (D:11)
  3 orc warriors
  2 ogres
  A necrophage (D:9)
  3 phantoms
  2 centaurs
  A crocodile (D:12)
  3 bullfrogs
  3 big kobolds
  Blork the orc (D:5)
  A gnoll sergeant (D:9)
  Dowan (D:6)
  A water moccasin zombie (D:10)
  2 scorpions
  6 killer bees (D:7)
  A howler monkey (D:6)
  8 crimson imps
  A centaur zombie (D:11)
  2 jellies
  6 hounds
  2 orc priests (D:6)
  13 orc wizards
  2 centaur skeletons
  3 bullfrog skeletons
  7 worker ants
  18 gnolls
  11 adders
  10 river rats
  A shadow imp (D:7)
  An ooze (D:6)
  3 adder zombies
  3 worms
  A dart slug (D:3)
  3 leopard geckos
  34 orcs
  8 bats
  8 giant cockroaches
  9 goblins
  12 hobgoblins
  7 jackals
  4 quokkas
  11 ball pythons
  7 frilled lizards
  27 kobolds
  A leopard gecko zombie (D:7)
  A quokka skeleton (D:4)
  27 rats
  2 fungi (D:10)
317 creatures vanquished.

Vanquished Creatures (others)
  A bullfrog (D:6)
  A crimson imp (D:6)
  A quokka skeleton (D:6)
  5 fungi (D:10)
  A plant (D:10)
  5 toadstools (D:7)
14 creatures vanquished.

Grand Total: 331 creatures vanquished
